 Dungeon Crawl Stone Soup version 0.18-a0-888-gdb73dea (webtiles) character file.

5566 4thArraOfDagon the Bludgeoner (level 10, -3/125 HPs)
             Began as an Ogre Hunter on Dec 23, 2015.
             Was an Initiate of Gozag.
             Slain by an unseen horror (6 damage)
             ... on level 13 of the Dungeon.
             The game lasted 00:30:58 (4687 turns).

4thArraOfDagon the Bludgeoner (Ogre Hunter)         Turns: 4687, Time: 00:30:58

Health: -3/125     AC:  4    Str: 19    XL:     10   Next: 72%
Magic:  10/10      EV: 10    Int: 13    God:    Gozag
Gold:   856        SH:  0    Dex: 10    Spells: 0 memorised, 9 levels left

rFire  . . .     SeeInvis .     s - +0 giant spiked club
rCold  . . .     Gourm    .     b - +1 robe
rNeg   . . .     Faith    .     (shield currently unavailable)
rPois  .         Spirit   .     (helmet restricted)
rElec  .         Dismiss  .     (no cloak)
rCorr  +         Reflect  .     (gloves unavailable)
SustAt .         Harm     .     (boots unavailable)
MR     +....     Clarity  +     M - amulet of resist corrosion
Stlth  +.........               (no ring)
                                (no ring)

@: about to teleport, somewhat resistant to hostile enchantments, very
unstealthy
A: unfitting armour, berserk 1, clarity, robust 1, screaming 2, tough skin 1
a: Potion Petition, Call Merchant, Bribe Branch, Renounce Religion


You were on level 13 of the Dungeon.
You worshipped Gozag.
Gozag was noncommittal.
You were full.

You visited 1 branch of the dungeon, and saw 13 of its levels.

You collected 1283 gold pieces.
You spent 379 gold pieces at shops.
You paid 48 gold pieces to Gozag.

Inventory:

Hand Weapons
 a - a +0 short sword
 c - a +2 flail of crushing
 d - a +2 dagger of venom
 e - a +0 club
 k - a +3 whip of electrocution
 s - a +0 giant spiked club (weapon)
 v - a +0 blowgun
 x - the +9 falchion "Kyafizxe" {freeze, rElec}
   (You found it on level 5 of the Dungeon)

   It has been specially enchanted to freeze those struck by it, causing extra
   injury to most foes and up to half again as much damage against particularly
   susceptible opponents.
   It can also slow down cold-blooded creatures.
   It insulates you from electricity.
 y - a +0 giant club
Missiles
 A - 55 poisoned needles
 D - 5 large rocks (quivered)
Armour
 b - a +1 robe (worn)
Magical Staves
 t - an uncursed staff of power {unknown}
Jewellery
 j - the ring "Roxoomex" {Ice MR++}
   (You found it on level 4 of the Dungeon)

   [ring of ice]

   It enhances your ice magic, and weakens your fire magic.
   It makes you vulnerable to fire.
   It protects you from cold.
   It affects your resistance to hostile enchantments.
 M - an amulet of resist corrosion (around neck)
Wands
 o - a wand of enslavement (0/24)
 p - a wand of teleportation (1/9)
 q - a wand of fire (5/15)
 u - a wand of lightning (9/15)
 B - a wand of confusion (16/48)
 E - a wand of digging (9/24)
 I - a wand of draining (8/15)
Scrolls
 g - 4 scrolls of blinking
 i - 4 scrolls of recharging
 l - a scroll of amnesia
 m - 3 scrolls of remove curse
 r - a scroll of teleportation
 G - a scroll of fog
 K - a scroll of magic mapping
Potions
 n - a potion of cancellation
 z - a potion of brilliance
 C - a potion of curing
 H - a potion of flight
 N - a potion of invisibility {unknown}
Books
 h - a Necronomicon

   Spells                             Type                      Level
   a - Haunt                          Necromancy/Summoning         7
   b - Borgnjor's Revivification      Necromancy                   8
   c - Death's Door                   Charms/Necromancy            8
   d - Necromutation                  Transmutation/Necromancy     8
 w - a Grand Grimoire

   Spells                             Type                      Level
   a - Monstrous Menagerie            Summoning                    6
   b - Summon Greater Demon           Summoning                    7
   c - Malign Gateway                 Summoning/Translocation      7
   d - Summon Horrible Things         Summoning                    8
Comestibles
 f - 5 bread rations
 F - 3 meat rations


   Skills:
 + Level 11.5 Fighting
 * Level 15.2 Maces & Flails
 - Level 4.0 Throwing
 + Level 3.7 Dodging
 - Level 0.7 Stealth


You had 9 spell levels left.
You didn't know any spells.

Dungeon Overview and Level Annotations

Branches:
Dungeon (13/15)            Temple (0/1) D:7
   Lair: D:8-11         Orc: D:9-12      Vaults: D:13-14

Altars:
Elyvilon
Fedhas
Gozag
Nemelex Xobeh
Pakellas
Qazlal
Trog
Vehumet
Xom

Shops:
D:7 }   D:10 ??*%

Annotations:
D:6 Dowan, Duvessa
D:10 exclusion: orange crystal statue


Innate Abilities, Weirdness & Mutations

You are too large for most types of armour.
You have tough skin (AC +1).
You tend to lose your temper in combat.
You possess an exceptional clarity of mind.
You are robust (+10% HP).
You sometimes yell uncontrollably at your foes.


Message History

You miss something. Something hits you!
* * * LOW HITPOINT WARNING * * *
Something hits you!
* * * LOW HITPOINT WARNING * * *
Unknown command.
Read which item? (? for menu, Esc to quit)
As you read the scroll of teleportation, it crumbles to dust.
You feel strangely unstable.
Unknown command.
Something hits you.
* * * LOW HITPOINT WARNING * * *
Something hits you!
* * * LOW HITPOINT WARNING * * *
Unknown command.
Drink which item? (? for menu, Esc to quit)
You feel better. Something hits you!
* * * LOW HITPOINT WARNING * * *
Something hits you.
You die...
Your body crumbles into a pile of gold.

#. #.# .#.####.####
#.# #. #.#
.#.##......#
#.###.###.#.##....#.#
#.........#.##......#
#.###.#.###.##....#
#.#.###......#
#..........#.#
###.########.# #.#
#@# #.#####.# #.#
#.......# #.#
######### ... ....#
###..# .... ...# ...#


There were no monsters in sight!

Vanquished Creatures
  A cyclops (D:13)
  A troll (D:12)
  A merfolk (D:9)
  Sigmund (D:3)
  A wraith (D:13)
  7 yaks (D:13)
  Edmund (D:5)
  A hippogriff (D:7)
  A hungry ghost (D:12)
  An orc warrior (D:12)
  A phantom (D:13)
  2 sky beasts (D:6)
  A wasp (D:13)
  3 ice beasts
  6 ogres
  4 centaurs
  A big kobold (D:7)
  A wyvern zombie (D:8)
  5 giant frogs
  2 scorpions
  6 crimson imps
  3 hounds (D:9)
  3 giant frog skeletons
  A centaur zombie (D:5)
  An orc priest (D:5)
  A jelly (D:8)
  3 orc wizards (D:7)
  An iguana (D:11)
  Ijyb (D:3)
  Terence (D:3)
  A quasit (D:13)
  8 worker ants
  A hound skeleton (D:5)
  5 adders
  A gnoll (D:4)
  2 shadow imps
  14 orcs
  A ball python (D:4)
  5 giant cockroaches
  5 goblins
  4 hobgoblins
  6 jackals
  3 quokkas
  5 bats
  2 giant geckos
  A giant newt (D:6)
  A jackal skeleton (D:9)
  6 kobolds
  A quokka skeleton (D:8)
135 creatures vanquished.

Notes
Turn   | Place    | Note
--------------------------------------------------------------
     0 | D:1      | 4thArraOfDagon the Ogre Hunter began the quest for the Orb.
     0 | D:1      | Reached XP level 1. HP: 22/22 MP: 1/1
    72 | D:1      | Reached XP level 2. HP: 5/31 MP: 2/2
   115 | D:2      | Found a radiant altar of Vehumet.
   148 | D:2      | fucker
   182 | D:2      | Reached skill level 1 in Maces & Flails
   273 | D:3      | Noticed Sigmund
   273 | D:3      | Noticed a centaur
   277 | D:3      | Killed a centaur
   277 | D:3      | Reached XP level 3. HP: 23/40 MP: 3/3
   277 | D:3      | Reached XP level 4. HP: 28/49 MP: 4/4
   301 | D:3      | eahh
   302 | D:3      | thats what i thought
   302 | D:3      | wasted rocks
   308 | D:3      | Killed Sigmund
   308 | D:3      | Reached skill level 5 in Fighting
   308 | D:3      | Reached skill level 5 in Maces & Flails
   308 | D:3      | Reached XP level 5. HP: 15/57 MP: 5/5
   308 | D:3      | Reached XP level 6. HP: 17/66 MP: 6/6
   323 | D:3      | miracle
   424 | D:3      | Found an opulent altar of Gozag.
   425 | D:3      | 4thArraOfDagon: gozag any good????
   435 | D:3      | Became a worshipper of Gozag Ym Sagoz the Greedy
   457 | D:4      | Reached skill level 6 in Maces & Flails
   540 | D:3      | Noticed Terence
   559 | D:3      | ldf: don't think so
   569 | D:3      | Killed Terence
   626 | D:3      | You fall through a shaft for 2 floors!
   626 | D:5      | Entered Level 5 of the Dungeon
   658 | D:4      | Got a fine glass ring
   659 | D:4      | Identified the ring "Roxoomex" {Ice MR++} (You found it on level 4 of the Dungeon)
   778 | D:4      | Reached skill level 7 in Maces & Flails
   798 | D:4      | Found an oddly glowing altar of Pakellas.
   819 | D:4      | Reached XP level 7. HP: 62/75 MP: 7/7
   850 | D:3      | Noticed Ijyb
   867 | D:3      | Killed Ijyb
   980 | D:5      | Gained mutation: You are robust (+10% HP). [potion of mutation]
   980 | D:5      | Gained mutation: You occasionally shout uncontrollably at your foes. [potion of mutation]
   980 | D:5      | Gained mutation: You sometimes yell uncontrollably at your foes. [potion of mutation]
   981 | D:5      | Gained mutation: You tend to lose your temper in combat. [potion of mutation]
   981 | D:5      | Gained mutation: You possess an exceptional clarity of mind. [potion of mutation]
   987 | D:6      | Yermak: nice
  1054 | D:6      | Reached skill level 8 in Maces & Flails
  1167 | D:5      | Noticed a fire elemental
  1168 | D:5      | Found a stormy altar of Qazlal.
  1169 | D:5      | Noticed a water elemental
  1169 | D:5      | Noticed an air elemental
  1283 | D:5      | Noticed Edmund
  1292 | D:5      | Killed Edmund
  1346 | D:5      | Got an ancient falchion
  1365 | D:5      | Yermak: +10 falch of electrocution
  1386 | D:5      | Identified the +9 falchion "Kyafizxe" {freeze, rElec} (You found it on level 5 of the Dungeon)
  1387 | D:5      | 4thArraOfDagon: haha close :D
  1387 | D:5      | Yermak: almost
  1493 | D:6      | Reached skill level 9 in Maces & Flails
  1493 | D:6      | Reached XP level 8. HP: 77/95 MP: 8/8
  1620 | D:6      | Found a sparkling altar of Nemelex Xobeh.
  1679 | D:6      | Noticed Duvessa
  1679 | D:6      | Noticed Dowan
  1680 | D:6      | Yermak: lol, 2 high-level books
  1718 | D:7      | Reached skill level 10 in Maces & Flails
  1794 | D:7      | Found a staircase to the Ecumenical Temple.
  1806 | D:7      | Reached skill level 11 in Maces & Flails
  2013 | D:7      | Reached XP level 9. HP: 61/106 MP: 9/9
  2034 | D:7      | 4thArraOfDagon: free drain
  2377 | D:7      | Noticed a komodo dragon
  2420 | D:7      | Found a white marble altar of Elyvilon.
  2459 | D:7      | Reached skill level 12 in Maces & Flails
  2707 | D:9      | Noticed a four-headed hydra
  2997 | D:8      | Reached skill level 13 in Maces & Flails
  3034 | D:8      | Reached skill level 10 in Fighting
  3071 | D:7      | Found Ragaari's Gadget Emporium.
  3281 | D:9      | Found a bloodstained altar of Trog.
  3286 | D:9      | Found a shimmering altar of Xom.
  3442 | D:9      | Yermak: I would still use elec whip
  3468 | D:9      | Yermak: until you get some regenerarion source
  3569 | D:9      | Reached XP level 10. HP: 115/122 MP: 10/10
  3585 | D:10     | Entered Level 10 of the Dungeon
  3588 | D:10     | Found Xallyich's Food Shoppe.
  3609 | D:10     | Yermak: maybe I'm wrong
  3637 | D:10     | Found Cishrimee's Assorted Antiques.
  3645 | D:10     | Bought a scroll labeled MENNIA ICYLUSH for 39 gold pieces
  3645 | D:10     | Bought a scroll labeled BAF BAALA QEER for 39 gold pieces
  3645 | D:10     | Bought a tiny emerald amulet for 195 gold pieces
  3645 | D:10     | Bought a murky emerald potion for 35 gold pieces
  3646 | D:10     | 4thArraOfDagon: bribe
  3646 | D:10     | 4thArraOfDagon: hmm
  3689 | D:10     | Found Ylunoxke's Magic Scroll Shoppe.
  3703 | D:10     | Found a bloodstained altar of Trog.
  3706 | D:10     | Bought a scroll of teleportation for 33 gold pieces
  3706 | D:10     | Bought a scroll of magic mapping for 38 gold pieces
  3723 | D:10     | HP: 3/122 [polar bear (4)]
  3724 | D:10     | Yermak: potion [etition
  3724 | D:10     | 4thArraOfDagon: cant kill a thing
  3724 | D:10     | 4thArraOfDagon: off 122hp
  3724 | D:10     | 4thArraOfDagon: how desperate is that
  3724 | D:10     | 4thArraOfDagon: ill blink
  3724 | D:10     | 4thArraOfDagon: and spam wands
  3725 | D:10     | Yermak: whip of elec isn't that swingy as gsc now
  3726 | D:10     | Found Astremnuv's Magic Scroll Boutique.
  3790 | D:10     | Reached skill level 14 in Maces & Flails
  3812 | D:10     | Noticed an orange crystal statue
  3923 | D:11     | 4thArraOfDagon: do you really want to swing without wearing scroll? YES
  3923 | D:11     | 4thArraOfDagon: wasted 100tturns
  3923 | D:11     | 4thArraOfDagon: thanks to that!
  4051 | D:11     | Noticed a manticore
  4091 | D:12     | 4thArraOfDagon: ahh
  4091 | D:12     | 4thArraOfDagon: with gozag i wont have troll hides
  4091 | D:12     | 4thArraOfDagon: gg
  4393 | D:13     | 4thArraOfDagon: this will long and boring game then
  4477 | D:13     | Found a blossoming altar of Fedhas.
  4480 | D:13     | Noticed a cyclops
  4490 | D:13     | Killed a cyclops
  4552 | D:13     | Paralysed by a wasp for 3 turns
  4650 | D:13     | Reached skill level 15 in Maces & Flails
  4687 | D:13     | HP: 3/125 [something (12)]
  4687 | D:13     | Slain by an unseen horror

Vault maps used:
D:1:      lightli_arrival_maybe_door_vault, cheibriados_altar_1
D:2:      fiery_altar_vehumet, minmay_misc_feat_five
D:3:      first_bread, grunt_gozag_breadcrumbs, uniq_sigmund, uniq_terence,
          uniq_iyjb
D:4:      black_bear_nest_2, kennysheep_mini, serial_shops, nicolae_shop_trees,
          kennysheep_big_empty_room, grunt_pakellas_sulfur
D:5:      nicolae_qazlal_style_of_elements, uniq_crazy_yiuf_cottage, uniq_edmund
D:6:      old_standard_altar, serial_shops, shop,
          nemelex_xobeh_ov_fountains_minmay, uniq_duvessa, uniq_pikel
D:7:      lemuel_crystal_altar, temple_doors_d, serial_shops,
          kennysheep_mini_moat
D:9:      grunt_temple_overflow_open, hangedman_fish_farm
D:10:     minmay_lair_entry_grove, serial_shops, shop, nicolae_shop_crystal,
          shop, nicolae_shop_crystal, minivault_16, trog_ov_bears_minmay,
          uniq_harold
D:11:     kennysheep_windowed_halls, kennysheep_orc_monster_closet_entryway,
          nicolae_trove_entry_crystal, uniq_grum
D:13:     dragon1_lemuel, basic_altar, corexii_hall_statues_t, uniq_frances,
          uniq_kirke

Action                   |  1- 3 |  4- 6 |  7- 9 | 10-12 || total
-------------------------+-------+-------+-------+-------++-------
Melee: Short sword       |    13 |       |       |       ||    13
       Club              |     8 |       |       |       ||     8
       Dagger            |    14 |    48 |    59 |       ||   121
       Whip              |       |    57 |     8 |     3 ||    68
       Falchion          |       |       |   127 |       ||   127
       Giant spiked club |       |       |    67 |    62 ||   129
Throw: Large rock        |     4 |    10 |    25 |     9 ||    48
       Throwing net      |     3 |     1 |     1 |     2 ||     7
Evoke: Wand              |       |       |    11 |     6 ||    17
  Use: Scroll            |       |     4 |    11 |     8 ||    23
       Potion            |       |       |     2 |     1 ||     3
 Stab: Sleeping          |     1 |       |       |       ||     1
       Distracted        |       |       |     1 |       ||     1
       Held in net/web   |       |       |       |     1 ||     1
  Eat: Beef jerky        |       |       |     1 |     2 ||     3
       Fruit             |       |       |     1 |       ||     1
       Meat ration       |       |       |     1 |     1 ||     2
       Chunk             |       |       |     2 |       ||     2
       Pizza             |       |       |     1 |       ||     1
       Bread ration      |       |       |       |     1 ||     1
